 Dungeon Crawl Stone Soup version 0.30-b1-5-g8e6c1be481 (webtiles) character file.

Game seed: 8878930415134176414

38 KittyFluff the Trooper (level 3, -2/36 HPs)
             Began as a Gargoyle Berserker on May 4, 2023.
             Was a Believer of Trog.
             Slain by a cerulean imp
             ... wielding a +0 spear
             ... summoned by Natasha
              (4 damage)
             ... on level 2 of the Dungeon.
             The game lasted 00:07:01 (1470 turns).

KittyFluff the Trooper (Gargoyle Berserker)         Turns: 1470, Time: 00:07:02

Health: -2/36      AC:  6    Str: 20    XL:     3   Next: 43%
Magic:  3/3        EV: 11    Int:  7    God:    Trog [**....]
Gold:   110        SH:  0    Dex: 11    Spells: 2/2 levels left

rFire   . . .        a - +0 mace
rCold   . . .        (no shield)
rNeg    + . .        g - +0 leather armour
rPois   ∞            (no helmet)
rElec   +            (no cloak)
rCorr   .            (no gloves)
SInv    .            (no boots)
Will    .....        (no amulet) Stlth
                     (no ring)
HPRegen 0.26/turn    (no ring)
MPRegen 0.08/turn

%: no passive effects
@: berserking, slowed
A: sickness immunity, AC +3, negative energy resistance 1, electricity
resistance, torment resistance 1, petrification resistance
a: Renounce Religion, Berserk, Trog's Hand


You were on level 2 of the Dungeon.
You worshipped Trog.
Trog was pleased with you.
You visited 1 branch of the dungeon, and saw 2 of its levels.

You collected 110 gold pieces.

Inventory:

Hand Weapons
 a - a +0 mace (weapon)
Armour
 g - a +0 leather armour (worn)
Scrolls
 b - a scroll of identify {unknown}
 c - 2 scrolls of magic mapping {unknown}
 h - a scroll of immolation {unknown}
 l - a scroll of amnesia {unknown}
Potions
 d - a potion of cancellation {unknown}
 e - 2 potions of might {unknown}
 f - 3 potions of lignification {unknown}
 i - a potion of berserk rage {unknown}
 j - a potion of brilliance {unknown}
 k - a potion of mutation {unknown}


   Skills:
 + Level 3.8 Fighting
 + Level 3.6 Maces & Flails
 * Level 2.5 Armour
 + Level 1.7 Dodging


You had 2 spell levels left.
You didn't know any spells.
Your spell library was empty.

Dungeon Overview and Level Annotations

Branches:
Dungeon (2/15)

Altars:

Shops:
D:1 [!

Annotations:
D:2 Natasha


Innate Abilities, Weirdness & Mutations

You are immune to sickness and miasma.
Your stone body is resilient. (AC +3)
You are immune to poison.
You resist negative energy. (rN+)
You are resistant to electric shocks. (rElec)
You are resistant to unholy torment.
You are immune to petrification.


Message History

You hit the endoplasm.
You kill the endoplasm!
Trog accepts your kill.
Natasha casts a spell.
Natasha stares at you and mumbles some strange words.
You feel yourself slow down.
The cerulean imp hits you with a +0 spear.
The cerulean imp hits you but does no damage. x2
The cerulean imp misses you.
You closely miss Natasha. Natasha claws you.
The cerulean imp hits you but does no damage.
The cerulean imp hits you from afar with a +0 spear.
Natasha barely misses you.
The cerulean imp hits you from afar with a +0 spear.
You closely miss Natasha.
The cerulean imp hits you but does no damage.
Natasha claws you but does no damage. The cerulean imp barely misses you.
The cerulean imp hits you but does no damage.
Natasha claws you.
The cerulean imp hits you from afar with a +0 spear.
* * * LOW HITPOINT WARNING * * *
A red film seems to cover your vision as you go berserk!
You feel yourself moving faster!
You feel mighty! The cerulean imp closely misses you.
Natasha claws you but does no damage.
The cerulean imp hits you from afar with a +0 spear.
* * * LOW HITPOINT WARNING * * *
The cerulean imp hits you from afar with a +0 spear.
* * * LOW HITPOINT WARNING * * *
You sock Natasha!
Natasha is almost dead.
Natasha growls.
Natasha completely misses you. The cerulean imp barely misses you.
The cerulean imp hits you but does no damage.
Natasha claws you.
* * * LOW HITPOINT WARNING * * *
You completely miss Natasha.
Natasha is almost dead.
The cerulean imp barely misses you.
The cerulean imp hits you from afar with a +0 spear.
You die...

#.#.# #.... #.<..
##########.##. #
#............. .#
#.########.##.
#######. #.#
#.##. ###......
#.# #.##[
.......5#####.###
#.##.
#...h@......#
#.##.
#.#5#####.#.#
#.##. #...# #...#
#..†. ###.# #.#.#
####. ### #####
##


You could see Natasha and 2 cerulean imps.

Vanquished Creatures
  A dart slug (D:1)
  7 endoplasms
  A giant cockroach (D:2)
  3 hobgoblins
  2 jackals (D:2)
  2 ball pythons
  3 bats (D:1)
  4 frilled lizards (D:1)
  2 goblins (D:1)
  4 kobolds (D:1)
  6 rats
35 creatures vanquished.

Vanquished Creatures (others)
  2 plants (D:1)
2 creatures vanquished.

Grand Total: 37 creatures vanquished

Notes
Turn   | Place    | Note
-------+----------+-------------------------------------------
     0 | D:1      | KittyFluff the Gargoyle Berserker began the quest for the
                  | Orb.
     0 | D:1      | Reached XP level 1. HP: 14/14 MP: 1/1
   139 | D:1      | Found Ucruash's Antique Armour Boutique.
   371 | D:1      | Reached XP level 2. HP: 19/19 MP: 2/2
   454 | D:1      | Found a faded altar of an unknown god.
   783 | D:1      | Reached XP level 3. HP: 24/24 MP: 3/3
   874 | D:1      | Reached ** piety under Trog
   904 | D:1      | Found Xume's Distillery.
  1459 | D:2      | Noticed Natasha
  1469 | D:2      | HP: 1/36 [Natasha (3)]
  1470 | D:2      | Slain by a cerulean imp

Illustrated notes

Levels and vault maps discovered:
D:1:      nzn_arrival_depleted_hourglass, layout_loops_corners,
          shapermc_ecumenical_altar_mp_urbaneastern, serial_shops, shop,
          nicolae_shop_just_a_little_nook, grunt_decor_one_mirror,
          chequers_serial_rivers_micro_e
D:2:      minmay_chambers_of_twos, layout_basic, nrook_uturn, uniq_natasha

Action                     || total
---------------------------++-------
  Melee: Mace              ||   134
 Invoke: Berserk           ||     3
 Armour: Animal skin       ||    10
         Leather armour    ||    46
  Dodge: Dodged            ||    73
